Vancouver Canucks vs Boston Bruins

Created - Tuesday, September 23, 2025 at 08:43

Goals
1 2 3 T
Vancouver Canucks 0 0 1 1
Boston Bruins 1 1 1 3
Shots
1 2 3 T
Vancouver Canucks 14 4 15 33
Boston Bruins 11 3 14 28

1st period

1. Boston Bruins , Jaden Schwartz 18 (Alex Laferriere 30) at 9:07

Penalties :
Adam Wilsby (BOS) for Tripping (Minor) at 10:58

2nd period

2. Boston Bruins , Sam Colangelo 6 (Taylor Raddysh 8, Ty Emberson 14) at 3:06

Penalties :
Emil Martinsen Lilleberg (VAN) for High sticking (Minor) at 0:52, Samuel Girard (BOS) for Checking from behind (Minor) at 5:41, Ryan Strome (BOS) for Roughing (Minor) at 11:10, Connor Zary (VAN) for Hooking (Minor) at 14:23, Jaden Schwartz (BOS) for Cross-checking (Minor) at 18:16

3rd period

3. Vancouver Canucks , Noah Hanifin 4 (Mikko Rantanen 27, Clayton Keller 21) at 0:39
4. Boston Bruins , Jaden Schwartz 19 (John Marino 12, Rasmus Sandin 10) at 15:25

Penalties :
Ty Emberson (BOS) for Hooking (Minor) at 2:40, John Marino (BOS) for Hooking (Minor) at 4:47, John Marino (BOS) for Hooking (Minor) at 9:39, Aleksander Barkov (VAN) for Slashing (Minor) at 19:38

Goalie Stats

Cam Talbot (VAN), 25 saves from 28 shots - (0.893), L, 11-9-1, 60:00 minutes
Leevi Merilainen (BOS), 32 saves from 33 shots - (0.970), W, 8-7-1, 60:00 minutes

Players Stats for Vancouver Canucks

Player Name              G  A  P  +/- PIM S  H  SB GA TA FO     MP     PP MP  PK MP  
------------------------------------------------------------------------------------
Aleksander Barkov        0  0  0   0  2   2  2  0  0  0  7/12   20:03   5:56   2:02 
Anton Lundell            0  0  0   0  0   1  1  0  0  0  2/3    13:21   0:00   2:14 
Artturi Lehkonen         0  0  0   0  0   3  2  2  0  0  0/0    20:11   6:49   2:17 
Bobby McMann             0  0  0  -1  0   2  1  1  1  0  0/0    10:43   0:00   0:00 
Casey Mittelstadt        0  0  0  -1  0   4  1  0  2  0  11/13  15:27   7:23   0:03 
Clayton Keller           0  1  1   0  0   4  1  0  1  0  5/10   19:03   7:04   0:00 
Connor Zary              0  0  0   0  2   2  1  0  0  0  1/2    17:06   5:58   0:00 
Emil Martinsen Lilleberg 0  0  0  -1  2   1  2  0  0  1  0/0    11:34   0:00   0:00 
Jake Bean                0  0  0   0  0   0  0  0  0  0  0/0    11:20   0:00   0:00 
Jesperi Kotkaniemi       0  0  0  -2  0   0  1  0  0  1  0/0    11:28   0:51   0:03 
Joel Hanley              0  0  0  -2  0   0  3  1  0  2  0/0    22:47   6:59   2:16 
Matias Maccelli          0  0  0   0  0   3  0  0  0  0  0/0     8:03   0:00   0:00 
Mikko Rantanen           0  1  1   0  0   5  4  1  1  0  2/2    19:05   7:04   0:00 
Miro Heiskanen           0  0  0   0  0   1  0  3  0  1  0/0    25:53   6:54   2:03 
Noah Hanifin             1  0  1   0  0   1  1  2  0  0  0/0    25:53   6:54   2:03 
Ryan McDonagh            0  0  0  -2  0   0  0  3  0  1  0/0    22:47   6:59   2:16 
Sean Couturier           0  0  0  -1  0   3  0  0  0  1  3/6    10:36   0:00   0:00 
Ty Dellandrea            0  0  0   0  0   1  1  0  0  0  1/1    10:18   0:34   1:59 

Players Stats for Boston Bruins

Player Name              G  A  P  +/- PIM S  H  SB GA TA FO     MP     PP MP  PK MP  
------------------------------------------------------------------------------------
Adam Wilsby              0  0  0   1  2   0  0  1  0  0  0/0    14:47   0:00   1:27 
Alex Laferriere          0  1  1   1  0   5  2  0  0  0  0/1    20:45   2:00   7:03 
Beck Malenstyn           0  0  0   1  0   0  2  2  0  0  2/3     9:33   0:00   0:00 
Jaden Schwartz           2  0  2   1  2   5  3  0  0  1  7/19   19:07   2:00   5:54 
Jani Nyman               0  0  0   0  0   6  1  0  3  0  1/5    15:46   2:19   2:04 
Joel Farabee             0  0  0   0  0   2  0  0  0  0  2/6    12:03   0:00   0:36 
John Marino              0  1  1   1  4   2  2  0  0  0  0/0    22:25   2:27   4:54 
Mark Kastelic            0  0  0   0  0   0  0  0  0  0  2/5     8:53   0:00   0:30 
Maxim Tsyplakov          0  0  0   0  0   0  0  0  1  1  0/0    10:42   2:19   0:00 
Rasmus Sandin            0  1  1   1  0   0  2  3  0  0  0/0    24:09   2:27   7:03 
Ryan Strome              0  0  0   1  2   2  1  0  0  0  3/9    18:50   2:00   5:30 
Sam Colangelo            1  0  1   1  0   1  0  0  1  0  0/0     9:10   0:00   0:00 
Samuel Girard            0  0  0   0  2   1  0  1  0  1  0/0    24:19   1:52   7:02 
Taylor Raddysh           0  1  1   1  0   0  0  1  0  0  0/0     9:10   0:00   0:00 
Ty Emberson              0  1  1   0  2   0  4  1  0  1  0/0    23:44   1:52   6:57 
Urho Vaakanainen         0  0  0   1  0   0  0  3  2  0  0/0    12:51   0:00   0:23 
Viktor Arvidsson         0  0  0   0  0   3  1  0  0  0  0/1    11:27   0:00   0:00 
Vladimir Tarasenko       0  0  0   0  0   1  1  0  0  1  0/0    18:19   2:19   6:09 

3 Stars

1 - Leevi Merilainen (BOS)
2 - Jaden Schwartz (BOS)
3 - Sam Colangelo (BOS)

Power Play

Vancouver Canucks - 0 on 7 Attempt(s) - 0.00%
Boston Bruins - 0 on 3 Attempt(s) - 0.00%

Penalty Kill

Vancouver Canucks - 3 on 3 Attempt(s) - 100.00% - Score 0 goal in Penalty Kill
Boston Bruins - 7 on 7 Attempt(s) - 100.00% - Score 0 goal in Penalty Kill

Team Stat

Vancouver Canucks - Hits : 21 - Faceoff Wins : 32 - Blocked Shots : 13 - Penalty Minutes : 6
Boston Bruins - Hits : 19 - Faceoff Wins : 17 - Blocked Shots : 12 - Penalty Minutes : 14

Official

Referees : Tom Chmielewski and Jordan Samuels
Linesman : Bevan Mills and Caleb Apperson

Game Notes

No Game Note

Finance

Level 1 -- Attendance: 4403 (73.38%) -- Ticket Income $440,300
Level 2 -- Attendance: 3898 (77.96%) -- Ticket Income $233,880
Level 3 -- Attendance: 2194 (73.13%) -- Ticket Income $76,790
Level 4 -- Attendance: 3895 (77.90%) -- Ticket Income $97,375
Luxury Box -- Attendance: 741 (74.10%) -- Ticket Income $148,200
Game was played at the TD Garden.
Total Attendance: 15131 (75.66%)
Total Ticket Income: $996,545
Other Income: $348,791
Total Income: $1,345,336

Vancouver Canucks

5 vs 5 Forward 
   Center                   Left Wing                Right Wing               Time % Phy DF OF 
 1 Clayton Keller           Artturi Lehkonen         Mikko Rantanen           37     1   1  3  
 2 Aleksander Barkov        Connor Zary              Anton Lundell            28     1   2  2  
 3 Sean Couturier           Jesperi Kotkaniemi       Bobby McMann             21     1   2  2  
 4 Casey Mittelstadt        Matias Maccelli          Ty Dellandrea            14     1   3  1  

5 vs 5 Defense 
   Defense                  Defense                                           Time % Phy DF OF 
 1 Noah Hanifin             Miro Heiskanen                                    30     1   2  2  
 2 Ryan McDonagh            Joel Hanley                                       30     1   2  2  
 3 Jake Bean                Emil Martinsen Lilleberg                          25     1   2  2  
 4 Noah Hanifin             Miro Heiskanen                                    15     1   2  2  

PowerPlay Forward 
   Center                   Left Wing                Right Wing               Time % Phy DF OF 
 1 Aleksander Barkov        Clayton Keller           Mikko Rantanen           50     0   1  4  
 2 Casey Mittelstadt        Connor Zary              Artturi Lehkonen         50     0   1  4  

PowerPlay Defense
   Defense                  Defense                                           Time % Phy DF OF 
 1 Noah Hanifin             Miro Heiskanen                                    50     0   1  4  
 2 Ryan McDonagh            Joel Hanley                                       50     0   1  4  

Penalty Kill 4 Players Forward 
   Center                   Wing                     Time % Phy DF OF 
 1 Anton Lundell            Ty Dellandrea            50     1   2  2  
 2 Aleksander Barkov        Artturi Lehkonen         50     1   2  2  

Penalty Kill 4 Players Defense
   Defense                  Defense                  Time % Phy DF OF 
 1 Ryan McDonagh            Joel Hanley              50     1   2  2  
 2 Noah Hanifin             Miro Heiskanen           50     1   2  2  

Penalty Kill - 3 Players Forward 
   Forward                                           Time % Phy DF OF 
 1 Anton Lundell                                     50     1   2  2  
 2 Ty Dellandrea                                     50     1   2  2  

Penalty Kill - 3 Players Defense
   Defense                  Defense                  Time % Phy DF OF 
 1 Ryan McDonagh            Joel Hanley              50     1   2  2  
 2 Noah Hanifin             Miro Heiskanen           50     1   2  2  

4 vs 4 Forward 
   Center                   Wing                     Time % Phy DF OF 
 1 Aleksander Barkov        Mikko Rantanen           50     1   2  2  
 2 Clayton Keller           Artturi Lehkonen         50     1   2  2  

4 vs 4 Defense
   Defense                  Defense                  Time % Phy DF OF 
 1 Noah Hanifin             Miro Heiskanen           50     1   2  2  
 2 Ryan McDonagh            Joel Hanley              50     1   2  2  

Last Minutes Offensive
   Center                   Left Wing                Right Wing               Defense                  Defense                  
   Aleksander Barkov        Clayton Keller           Mikko Rantanen           Noah Hanifin             Miro Heiskanen           

Last Minutes Defensive
   Center                   Left Wing                Right Wing               Defense                  Defense                  
   Anton Lundell            Artturi Lehkonen         Ty Dellandrea            Ryan McDonagh            Joel Hanley              

Goaltenders
Starting : Cam Talbot               
Backup : Justus Annunen           

Extra Forwards
Normal : Mikko Rantanen, Artturi Lehkonen, Clayton Keller - PP : Mikko Rantanen, Clayton Keller - PK : Anton Lundell
Extra Defensemen
Normal : Miro Heiskanen, Noah Hanifin, Ryan McDonagh - PP : Miro Heiskanen - PK : Ryan McDonagh, Joel Hanley
Penalty Shots
Aleksander Barkov, Anton Lundell, Artturi Lehkonen, Jesperi Kotkaniemi, Noah Hanifin

Scratches
Jacob Bernard-Docker (Healthy), Eemil Viro (Healthy), Jacob Bryson (Healthy), Brett Leason (Healthy)

Boston Bruins

5 vs 5 Forward 
   Center                   Left Wing                Right Wing               Time % Phy DF OF 
 1 Jaden Schwartz           Alex Laferriere          Ryan Strome              30     1   2  2  
 2 Mark Kastelic            Vladimir Tarasenko       Maxim Tsyplakov          30     1   2  2  
 3 Joel Farabee             Viktor Arvidsson         Jani Nyman               25     1   2  2  
 4 Beck Malenstyn           Sam Colangelo            Taylor Raddysh           15     1   2  2  

5 vs 5 Defense 
   Defense                  Defense                                           Time % Phy DF OF 
 1 Samuel Girard            Ty Emberson                                       35     1   2  2  
 2 Rasmus Sandin            John Marino                                       35     1   2  2  
 3 Urho Vaakanainen         Adam Wilsby                                       30     1   2  2  
 4 Samuel Girard            Ty Emberson                                       0      1   2  2  

PowerPlay Forward 
   Center                   Left Wing                Right Wing               Time % Phy DF OF 
 1 Jaden Schwartz           Alex Laferriere          Ryan Strome              50     1   2  2  
 2 Jani Nyman               Vladimir Tarasenko       Maxim Tsyplakov          50     1   2  2  

PowerPlay Defense
   Defense                  Defense                                           Time % Phy DF OF 
 1 Samuel Girard            Ty Emberson                                       50     1   2  2  
 2 Rasmus Sandin            John Marino                                       50     1   2  2  

Penalty Kill 4 Players Forward 
   Center                   Wing                     Time % Phy DF OF 
 1 Jaden Schwartz           Alex Laferriere          50     1   2  2  
 2 Ryan Strome              Vladimir Tarasenko       50     1   2  2  

Penalty Kill 4 Players Defense
   Defense                  Defense                  Time % Phy DF OF 
 1 Samuel Girard            Ty Emberson              50     1   2  2  
 2 Rasmus Sandin            John Marino              50     1   2  2  

Penalty Kill - 3 Players Forward 
   Forward                                           Time % Phy DF OF 
 1 Jaden Schwartz                                    50     1   2  2  
 2 Alex Laferriere                                   50     1   2  2  

Penalty Kill - 3 Players Defense
   Defense                  Defense                  Time % Phy DF OF 
 1 Samuel Girard            Ty Emberson              50     1   2  2  
 2 Rasmus Sandin            John Marino              50     1   2  2  

4 vs 4 Forward 
   Center                   Wing                     Time % Phy DF OF 
 1 Jaden Schwartz           Alex Laferriere          50     1   2  2  
 2 Ryan Strome              Vladimir Tarasenko       50     1   2  2  

4 vs 4 Defense
   Defense                  Defense                  Time % Phy DF OF 
 1 Samuel Girard            Ty Emberson              50     1   2  2  
 2 Rasmus Sandin            John Marino              50     1   2  2  

Last Minutes Offensive
   Center                   Left Wing                Right Wing               Defense                  Defense                  
   Jaden Schwartz           Alex Laferriere          Ryan Strome              Samuel Girard            Ty Emberson              

Last Minutes Defensive
   Center                   Left Wing                Right Wing               Defense                  Defense                  
   Jaden Schwartz           Alex Laferriere          Ryan Strome              Samuel Girard            Ty Emberson              

Goaltenders
Starting : Leevi Merilainen         
Backup : Petr Mrazek              

Extra Forwards
Normal : Beck Malenstyn, Sam Colangelo, Jani Nyman - PP : Beck Malenstyn, Sam Colangelo - PK : Jani Nyman
Extra Defensemen
Normal : Urho Vaakanainen, Samuel Girard, Rasmus Sandin - PP : Urho Vaakanainen - PK : Ty Emberson, Rasmus Sandin
Penalty Shots
Jaden Schwartz, Alex Laferriere, Ryan Strome, Vladimir Tarasenko, Maxim Tsyplakov

Scratches
Aatu Raty (Healthy), Victor Mancini (Healthy), Fabian Lysell (Healthy), Sam Morton (Healthy), Jakob Pelletier (Healthy)

% Time on Ice - Vancouver Canucks

Lines # - Real PCT - Wanted PCT - Time Play
Normal Forward
1 - 29% - 37% - 12:01
2 - 27% - 28% - 11:24
3 - 25% - 21% - 10:34
4 - 19% - 14% - 7:49
Normal Defense
1 - 32% - 30% - 13:11
2 - 31% - 30% - 12:58
3 - 27% - 25% - 11:20
4 - 10% - 15% - 4:19
PP Forward
1 - 51% - 50% - 7:04
2 - 49% - 50% - 6:49
PP Defense
1 - 50% - 50% - 6:54
2 - 50% - 50% - 6:59
PK Forward
1 - 46% - 50% - 1:59
2 - 54% - 50% - 2:20
PK Defense
1 - 53% - 50% - 2:16
2 - 47% - 50% - 2:03
PK3 Forward
1 - 0% - 50%
2 - 0% - 50%
PK3 Defense
1 - 0% - 50%
2 - 0% - 50%
44 Forward
1 - 0% - 50%
2 - 0% - 50%
44 Defense
1 - 0% - 50%
2 - 0% - 50%
Last Minute Offensive  - 0:00
Last Minute Defensive  - 0:00
Total
Forward - 60:00
Defense - 60:00

% Time on Ice - Boston Bruins

Lines # - Real PCT - Wanted PCT - Time Play
Normal Forward
1 - 25% - 30% - 10:33
2 - 25% - 30% - 10:38
3 - 27% - 25% - 11:27
4 - 22% - 15% - 9:10
Normal Defense
1 - 36% - 35% - 15:09
2 - 37% - 35% - 15:40
3 - 26% - 30% - 10:59
4 - 0% - 0% - 0:00
PP Forward
1 - 46% - 50% - 2:00
2 - 54% - 50% - 2:19
PP Defense
1 - 43% - 50% - 1:52
2 - 57% - 50% - 2:27
PK Forward
1 - 50% - 50% - 6:58
2 - 50% - 50% - 6:55
PK Defense
1 - 54% - 50% - 7:32
2 - 46% - 50% - 6:21
PK3 Forward
1 - 0% - 50%
2 - 0% - 50%
PK3 Defense
1 - 0% - 50%
2 - 0% - 50%
44 Forward
1 - 0% - 50%
2 - 0% - 50%
44 Defense
1 - 0% - 50%
2 - 0% - 50%
Last Minute Offensive  - 0:00
Last Minute Defensive  - 0:00
Total
Forward - 60:00
Defense - 60:00

Play-by-Play

1st period


0:01 of 1st period - Clayton Keller wins face-off versus Ryan Strome in neutral zone.
0:04 of 1st period - Ty Emberson is hit by Artturi Lehkonen and loses puck.
0:48 of 1st period - Ryan McDonagh is hit by Ty Emberson and loses puck.
1:37 of 1st period - Slapshot by Alex Laferriere.
1:37 of 1st period - Shot Misses the Net.
1:55 of 1st period - Wrist shot by Aleksander Barkov.
1:55 of 1st period - Shot Misses the Net.
1:57 of 1st period - Slapshot by Emil Martinsen Lilleberg.
1:57 of 1st period - Stopped by Leevi Merilainen with a rebound.
2:19 of 1st period - Snap shot by Sean Couturier.
2:19 of 1st period - Stopped by Leevi Merilainen with a rebound.
3:04 of 1st period - Snap shot by Mikko Rantanen.
3:04 of 1st period - Shot Misses the Net.
3:11 of 1st period - Icing by Urho Vaakanainen.
3:12 of 1st period - Mark Kastelic wins face-off versus Aleksander Barkov in Boston Bruins zone.
3:25 of 1st period - Urho Vaakanainen is hit by Anton Lundell and loses puck.
4:02 of 1st period - Wrist shot by Jani Nyman.
4:02 of 1st period - Deflect By Joel Farabee.
4:02 of 1st period - Shot Blocked by Mikko Rantanen.
4:02 of 1st period - Puck is out of play.
4:03 of 1st period - Clayton Keller wins face-off versus Joel Farabee in Vancouver Canucks zone.
4:42 of 1st period - Wrist shot by Mikko Rantanen.
4:42 of 1st period - Shot Blocked by Beck Malenstyn.
5:16 of 1st period - Slapshot by Jani Nyman.
5:16 of 1st period - Stopped by Cam Talbot with a rebound.
5:18 of 1st period - Wrist shot by Joel Farabee.
5:18 of 1st period - Shot Blocked by Ryan McDonagh.
5:20 of 1st period - Snap shot by Rasmus Sandin.
5:20 of 1st period - Shot Blocked by Ryan McDonagh.
5:22 of 1st period - Wrist shot by John Marino.
5:22 of 1st period - Stopped by Cam Talbot without a rebound.
5:23 of 1st period - Aleksander Barkov wins face-off versus Mark Kastelic in Vancouver Canucks zone.
5:52 of 1st period - Off-side.
5:53 of 1st period - Casey Mittelstadt wins face-off versus Ryan Strome in neutral zone.
5:56 of 1st period - Wrist shot by Matias Maccelli.
5:56 of 1st period - Shot Misses the Net.
5:58 of 1st period - Wrist shot by Ty Dellandrea.
5:58 of 1st period - Shot Misses the Net.
6:06 of 1st period - Wrist shot by Matias Maccelli.
6:06 of 1st period - Shot Misses the Net.
6:08 of 1st period - Slapshot by Ty Dellandrea.
6:08 of 1st period - Stopped by Leevi Merilainen with a rebound.
6:27 of 1st period - Snap shot by Joel Farabee.
6:27 of 1st period - Stopped by Cam Talbot with a rebound.
6:51 of 1st period - Snap shot by Vladimir Tarasenko.
6:51 of 1st period - Shot Blocked by Miro Heiskanen.
8:29 of 1st period - Snap shot by Aleksander Barkov.
8:29 of 1st period - Shot Blocked by Urho Vaakanainen.
8:31 of 1st period - Wrist shot by Connor Zary.
8:31 of 1st period - Shot Misses the Net.
8:33 of 1st period - Wrist shot by Anton Lundell.
8:33 of 1st period - Deflect By Aleksander Barkov.
8:33 of 1st period - Stopped by Leevi Merilainen with a rebound.
8:35 of 1st period - Slapshot by Noah Hanifin.
8:35 of 1st period - Shot Blocked by Beck Malenstyn.
8:37 of 1st period - Wrist shot by Connor Zary.
8:37 of 1st period - Shot Misses the Net.
8:39 of 1st period - Snap shot by Miro Heiskanen.
8:39 of 1st period - Stopped by Leevi Merilainen with a rebound.
8:55 of 1st period - Icing by Jaden Schwartz.
8:56 of 1st period - Jaden Schwartz wins face-off versus Clayton Keller in Boston Bruins zone.
9:03 of 1st period - Snap shot by Alex Laferriere.
9:03 of 1st period - Shot Blocked by Artturi Lehkonen.
9:05 of 1st period - Snap shot by Jaden Schwartz.
9:05 of 1st period - Stopped by Cam Talbot with a rebound.
9:07 of 1st period - Wrist shot by Jaden Schwartz.
9:07 of 1st period - Goal by Jaden Schwartz - Vancouver Canucks : 0 - Boston Bruins : 1.
9:08 of 1st period - Clayton Keller wins face-off versus Joel Farabee in neutral zone.
9:19 of 1st period - Snap shot by Clayton Keller.
9:19 of 1st period - Stopped by Leevi Merilainen with a rebound.
9:51 of 1st period - Snap shot by Mikko Rantanen.
9:51 of 1st period - Stopped by Leevi Merilainen without a rebound.
9:52 of 1st period - Aleksander Barkov wins face-off versus Mark Kastelic in Boston Bruins zone.
10:19 of 1st period - Miro Heiskanen is hit by Ryan Strome and loses puck.
10:32 of 1st period - Snap shot by Alex Laferriere.
10:32 of 1st period - Stopped by Cam Talbot without a rebound.
10:33 of 1st period - Clayton Keller wins face-off versus Joel Farabee in Vancouver Canucks zone.
10:58 of 1st period - Minor Penalty to Adam Wilsby for Tripping.
10:59 of 1st period - Aleksander Barkov wins face-off versus Jaden Schwartz in Boston Bruins zone.
11:36 of 1st period - Slapshot by Miro Heiskanen.
11:36 of 1st period - Deflect By Connor Zary.
11:36 of 1st period - Shot Blocked by Rasmus Sandin.
11:36 of 1st period - Puck is out of play.
11:37 of 1st period - Jaden Schwartz wins face-off versus Aleksander Barkov in Boston Bruins zone.
11:54 of 1st period - Wrist shot by Mikko Rantanen.
11:54 of 1st period - Stopped by Leevi Merilainen without a rebound.
11:55 of 1st period - Ryan Strome wins face-off versus Casey Mittelstadt in Boston Bruins zone.
12:06 of 1st period - Slapshot by Casey Mittelstadt.
12:06 of 1st period - Shot Misses the Net.
12:08 of 1st period - Snap shot by Artturi Lehkonen.
12:08 of 1st period - Stopped by Leevi Merilainen without a rebound.
12:09 of 1st period - Mikko Rantanen wins face-off versus Jaden Schwartz in Boston Bruins zone.
12:25 of 1st period - Off-side.
12:26 of 1st period - Casey Mittelstadt wins face-off versus Ryan Strome in neutral zone.
12:58 of 1st period - Penalty to Adam Wilsby is over, Adam Wilsby is back on ice.
13:05 of 1st period - Snap shot by Ryan Strome.
13:05 of 1st period - Shot Misses the Net.
13:23 of 1st period - Snap shot by Clayton Keller.
13:23 of 1st period - Stopped by Leevi Merilainen with a rebound.
13:25 of 1st period - Slapshot by Clayton Keller.
13:25 of 1st period - Stopped by Leevi Merilainen with a rebound.
13:27 of 1st period - Snap shot by Aleksander Barkov.
13:27 of 1st period - Stopped by Leevi Merilainen with a rebound.
13:29 of 1st period - Slapshot by Noah Hanifin.
13:29 of 1st period - Shot Misses the Net.
13:31 of 1st period - Wrist shot by Noah Hanifin.
13:31 of 1st period - Shot Blocked by Adam Wilsby.
14:19 of 1st period - Slapshot by Vladimir Tarasenko.
14:19 of 1st period - Stopped by Cam Talbot without a rebound.
14:20 of 1st period - Joel Farabee wins face-off versus Sean Couturier in Vancouver Canucks zone.
14:29 of 1st period - Snap shot by Bobby McMann.
14:29 of 1st period - Stopped by Leevi Merilainen with a rebound.
15:52 of 1st period - Casey Mittelstadt is hit by Jaden Schwartz.
16:13 of 1st period - Urho Vaakanainen is hit by Emil Martinsen Lilleberg and loses puck.
16:35 of 1st period - Wrist shot by Alex Laferriere.
16:35 of 1st period - Stopped by Cam Talbot with a rebound.
16:37 of 1st period - Snap shot by Alex Laferriere.
16:37 of 1st period - Shot Misses the Net.
16:39 of 1st period - Wrist shot by Alex Laferriere.
16:39 of 1st period - Shot Misses the Net.
16:41 of 1st period - Slapshot by Joel Farabee.
16:41 of 1st period - Stopped by Cam Talbot with a rebound.
16:47 of 1st period - Snap shot by Viktor Arvidsson.
16:47 of 1st period - Stopped by Cam Talbot without a rebound.
16:48 of 1st period - Sean Couturier wins face-off versus Beck Malenstyn in Vancouver Canucks zone.
17:03 of 1st period - Wrist shot by Sam Colangelo.
17:03 of 1st period - Shot Blocked by Miro Heiskanen.
18:12 of 1st period - Wrist shot by Connor Zary.
18:12 of 1st period - Stopped by Leevi Merilainen without a rebound.
18:13 of 1st period - Jaden Schwartz wins face-off versus Clayton Keller in Boston Bruins zone.
18:28 of 1st period - Snap shot by Jaden Schwartz.
18:28 of 1st period - Stopped by Cam Talbot with a rebound.
18:38 of 1st period - Joel Farabee is hit by Emil Martinsen Lilleberg and loses puck.
Goals for this period are 0 for Vancouver Canucks vs 1 for Boston Bruins.
Shots for this period are 14 for Vancouver Canucks vs 11 for Boston Bruins.

2nd period


0:01 of 2nd period - Aleksander Barkov wins face-off versus Jaden Schwartz in neutral zone.
0:12 of 2nd period - Snap shot by Alex Laferriere.
0:12 of 2nd period - Shot Misses the Net.
0:36 of 2nd period - Rasmus Sandin is hit by Mikko Rantanen and loses puck.
0:52 of 2nd period - Minor Penalty to Emil Martinsen Lilleberg for High sticking.
0:53 of 2nd period - Anton Lundell wins face-off versus Jaden Schwartz in Vancouver Canucks zone.
1:23 of 2nd period - Snap shot by Jani Nyman.
1:23 of 2nd period - Stopped by Cam Talbot with a rebound.
1:35 of 2nd period - Ty Emberson is hit by Ty Dellandrea and loses puck.
2:52 of 2nd period - Penalty to Emil Martinsen Lilleberg is over, Emil Martinsen Lilleberg is back on ice.
2:56 of 2nd period - Wrist shot by Casey Mittelstadt.
2:56 of 2nd period - Stopped by Leevi Merilainen with a rebound.
3:04 of 2nd period - Snap shot by Sam Colangelo.
3:04 of 2nd period - Shot Misses the Net.
3:06 of 2nd period - Slapshot by Taylor Raddysh.
3:06 of 2nd period - Deflect By Sam Colangelo.
3:06 of 2nd period - Goal by Sam Colangelo - Vancouver Canucks : 0 - Boston Bruins : 2.
3:07 of 2nd period - Aleksander Barkov wins face-off versus Jaden Schwartz in neutral zone.
3:10 of 2nd period - Slapshot by Noah Hanifin.
3:10 of 2nd period - Shot Misses the Net.
3:59 of 2nd period - Maxim Tsyplakov is hit by Connor Zary and loses puck.
4:28 of 2nd period - Connor Zary is hit by Beck Malenstyn.
5:05 of 2nd period - Aleksander Barkov is hit by Viktor Arvidsson and loses puck.
5:41 of 2nd period - Minor Penalty to Samuel Girard for Checking from behind.
5:42 of 2nd period - Mikko Rantanen wins face-off versus Jaden Schwartz in Boston Bruins zone.
5:55 of 2nd period - Snap shot by Mikko Rantanen.
5:55 of 2nd period - Deflect By Clayton Keller.
5:55 of 2nd period - Shot Misses the Net.
5:55 of 2nd period - Puck is out of play.
5:56 of 2nd period - Casey Mittelstadt wins face-off versus Jaden Schwartz in Boston Bruins zone.
6:22 of 2nd period - Ryan McDonagh is hit by Rasmus Sandin and loses puck.
6:44 of 2nd period - Jaden Schwartz is hit by Casey Mittelstadt and loses puck.
7:20 of 2nd period - Ryan Strome is hit by Mikko Rantanen and loses puck.
7:41 of 2nd period - Penalty to Samuel Girard is over, Samuel Girard is back on ice.
7:43 of 2nd period - Mikko Rantanen is hit by Jaden Schwartz and loses puck.
8:32 of 2nd period - Ty Dellandrea is hit by Vladimir Tarasenko and loses puck.
8:49 of 2nd period - Slapshot by Jani Nyman.
8:49 of 2nd period - Stopped by Cam Talbot with a rebound.
9:18 of 2nd period - Urho Vaakanainen is hit by Aleksander Barkov and loses puck.
9:53 of 2nd period - Clayton Keller is hit by John Marino and loses puck.
10:23 of 2nd period - John Marino is hit by Jesperi Kotkaniemi and loses puck.
11:10 of 2nd period - Minor Penalty to Ryan Strome for Roughing.
11:11 of 2nd period - Aleksander Barkov wins face-off versus Jaden Schwartz in Boston Bruins zone.
11:28 of 2nd period - Wrist shot by Mikko Rantanen.
11:28 of 2nd period - Shot Blocked by Ty Emberson.
11:38 of 2nd period - Ty Emberson is hit by Artturi Lehkonen.
12:08 of 2nd period - Joel Hanley is hit by John Marino and loses puck.
13:10 of 2nd period - Penalty to Ryan Strome is over, Ryan Strome is back on ice.
14:16 of 2nd period - Icing by Ryan McDonagh.
14:17 of 2nd period - Beck Malenstyn wins face-off versus Connor Zary in Vancouver Canucks zone.
14:23 of 2nd period - Minor Penalty to Connor Zary for Hooking.
14:24 of 2nd period - Anton Lundell wins face-off versus Jani Nyman in Vancouver Canucks zone.
15:00 of 2nd period - Off-side.
15:01 of 2nd period - Aleksander Barkov wins face-off versus Jani Nyman in neutral zone.
15:12 of 2nd period - Slapshot by Jani Nyman.
15:12 of 2nd period - Shot Blocked by Noah Hanifin.
15:14 of 2nd period - Wrist shot by Vladimir Tarasenko.
15:14 of 2nd period - Shot Misses the Net.
15:48 of 2nd period - Snap shot by Anton Lundell.
15:48 of 2nd period - Stopped by Leevi Merilainen with a rebound.
16:23 of 2nd period - Penalty to Connor Zary is over, Connor Zary is back on ice.
16:32 of 2nd period - Snap shot by Bobby McMann.
16:32 of 2nd period - Shot Hit the Post.
17:21 of 2nd period - Beck Malenstyn is hit by Aleksander Barkov and loses puck.
17:53 of 2nd period - John Marino is hit by Joel Hanley and loses puck.
18:10 of 2nd period - Snap shot by Ty Dellandrea.
18:10 of 2nd period - Shot Misses the Net.
18:12 of 2nd period - Snap shot by Matias Maccelli.
18:12 of 2nd period - Stopped by Leevi Merilainen without a rebound.
18:13 of 2nd period - Ty Dellandrea wins face-off versus Jaden Schwartz in Boston Bruins zone.
18:14 of 2nd period - Slapshot by Casey Mittelstadt.
18:14 of 2nd period - Stopped by Leevi Merilainen with a rebound.
18:16 of 2nd period - Minor Penalty to Jaden Schwartz for Cross-checking.
18:17 of 2nd period - Casey Mittelstadt wins face-off versus Jani Nyman in Boston Bruins zone.
Goals for this period are 0 for Vancouver Canucks vs 1 for Boston Bruins.
Shots for this period are 4 for Vancouver Canucks vs 3 for Boston Bruins.

3rd period


0:01 of 3rd period - Casey Mittelstadt wins face-off versus Jani Nyman in neutral zone.
0:16 of 3rd period - Penalty to Jaden Schwartz is over, Jaden Schwartz is back on ice.
0:26 of 3rd period - John Marino is hit by Joel Hanley and loses puck.
0:31 of 3rd period - Slapshot by Sean Couturier.
0:31 of 3rd period - Shot Blocked by Rasmus Sandin.
0:33 of 3rd period - Snap shot by Bobby McMann.
0:33 of 3rd period - Deflect By Sean Couturier.
0:33 of 3rd period - Stopped by Leevi Merilainen without a rebound.
0:34 of 3rd period - Clayton Keller wins face-off versus Jaden Schwartz in Boston Bruins zone.
0:37 of 3rd period - Snap shot by Mikko Rantanen.
0:37 of 3rd period - Stopped by Leevi Merilainen with a rebound.
0:39 of 3rd period - Slapshot by Noah Hanifin.
0:39 of 3rd period - Goal by Noah Hanifin - Vancouver Canucks : 1 - Boston Bruins : 2.
0:40 of 3rd period - Jaden Schwartz wins face-off versus Clayton Keller in neutral zone.
0:50 of 3rd period - Snap shot by Clayton Keller.
0:50 of 3rd period - Deflect By Artturi Lehkonen.
0:50 of 3rd period - Stopped by Leevi Merilainen with a rebound.
1:06 of 3rd period - Artturi Lehkonen is hit by Ty Emberson and loses puck.
1:13 of 3rd period - Wrist shot by Viktor Arvidsson.
1:13 of 3rd period - Shot Misses the Net.
1:15 of 3rd period - Slapshot by Adam Wilsby.
1:15 of 3rd period - Shot Blocked by Noah Hanifin.
1:17 of 3rd period - Slapshot by Urho Vaakanainen.
1:17 of 3rd period - Deflect By Jani Nyman.
1:17 of 3rd period - Stopped by Cam Talbot without a rebound.
1:18 of 3rd period - Ryan Strome wins face-off versus Aleksander Barkov in Vancouver Canucks zone.
1:21 of 3rd period - Wrist shot by Jaden Schwartz.
1:21 of 3rd period - Shot Misses the Net.
1:23 of 3rd period - Slapshot by Alex Laferriere.
1:23 of 3rd period - Shot Misses the Net.
1:25 of 3rd period - Snap shot by Urho Vaakanainen.
1:25 of 3rd period - Shot Blocked by Ryan McDonagh.
1:33 of 3rd period - Snap shot by Jaden Schwartz.
1:33 of 3rd period - Stopped by Cam Talbot without a rebound.
1:34 of 3rd period - Mark Kastelic wins face-off versus Sean Couturier in Vancouver Canucks zone.
2:40 of 3rd period - Minor Penalty to Ty Emberson for Hooking.
2:41 of 3rd period - Casey Mittelstadt wins face-off versus Jaden Schwartz in Boston Bruins zone.
2:42 of 3rd period - Slapshot by Connor Zary.
2:42 of 3rd period - Stopped by Leevi Merilainen without a rebound.
2:43 of 3rd period - Casey Mittelstadt wins face-off versus Alex Laferriere in Boston Bruins zone.
3:08 of 3rd period - Joel Hanley is hit by Rasmus Sandin and loses puck.
3:16 of 3rd period - Slapshot by John Marino.
3:16 of 3rd period - Shot Blocked by Artturi Lehkonen.
3:18 of 3rd period - Slapshot by John Marino.
3:18 of 3rd period - Stopped by Cam Talbot with a rebound.
3:32 of 3rd period - Snap shot by Artturi Lehkonen.
3:32 of 3rd period - Stopped by Leevi Merilainen without a rebound.
3:33 of 3rd period - Jaden Schwartz wins face-off versus Aleksander Barkov in Boston Bruins zone.
4:40 of 3rd period - Penalty to Ty Emberson is over, Ty Emberson is back on ice.
4:47 of 3rd period - Minor Penalty to John Marino for Hooking.
4:48 of 3rd period - Connor Zary wins face-off versus Ryan Strome in Boston Bruins zone.
4:59 of 3rd period - Snap shot by Alex Laferriere.
4:59 of 3rd period - Shot Blocked by Joel Hanley.
5:01 of 3rd period - Snap shot by Alex Laferriere.
5:01 of 3rd period - Stopped by Cam Talbot without a rebound.
5:02 of 3rd period - Jaden Schwartz wins face-off versus Aleksander Barkov in Vancouver Canucks zone.
5:31 of 3rd period - Samuel Girard is hit by Mikko Rantanen and loses puck.
5:45 of 3rd period - Off-side.
5:46 of 3rd period - Ryan Strome wins face-off versus Casey Mittelstadt in neutral zone.
6:25 of 3rd period - Connor Zary is hit by Ty Emberson and loses puck.
6:47 of 3rd period - Penalty to John Marino is over, John Marino is back on ice.
6:50 of 3rd period - John Marino is hit by Bobby McMann.
6:58 of 3rd period - Snap shot by Alex Laferriere.
6:58 of 3rd period - Stopped by Cam Talbot without a rebound.
6:59 of 3rd period - Sean Couturier wins face-off versus Mark Kastelic in Vancouver Canucks zone.
7:08 of 3rd period - Slapshot by Noah Hanifin.
7:08 of 3rd period - Shot Blocked by Urho Vaakanainen.
7:43 of 3rd period - Emil Martinsen Lilleberg is hit by Ty Emberson and loses puck.
8:06 of 3rd period - Emil Martinsen Lilleberg is hit by Beck Malenstyn and loses puck.
8:23 of 3rd period - Sean Couturier is hit by Jaden Schwartz.
8:36 of 3rd period - Wrist shot by Samuel Girard.
8:36 of 3rd period - Shot Misses the Net.
8:38 of 3rd period - Slapshot by Jani Nyman.
8:38 of 3rd period - Shot Misses the Net.
9:06 of 3rd period - Snap shot by Casey Mittelstadt.
9:06 of 3rd period - Stopped by Leevi Merilainen with a rebound.
9:14 of 3rd period - Snap shot by Matias Maccelli.
9:14 of 3rd period - Shot Blocked by Rasmus Sandin.
9:24 of 3rd period - Jaden Schwartz is hit by Mikko Rantanen and loses puck.
9:33 of 3rd period - Snap shot by Clayton Keller.
9:33 of 3rd period - Stopped by Leevi Merilainen with a rebound.
9:39 of 3rd period - Minor Penalty to John Marino for Hooking.
9:40 of 3rd period - Casey Mittelstadt wins face-off versus Ryan Strome in Boston Bruins zone.
9:47 of 3rd period - Snap shot by Casey Mittelstadt.
9:47 of 3rd period - Stopped by Leevi Merilainen without a rebound.
9:48 of 3rd period - Casey Mittelstadt wins face-off versus Ryan Strome in Boston Bruins zone.
10:34 of 3rd period - Artturi Lehkonen is hit by Alex Laferriere and loses puck.
11:39 of 3rd period - Penalty to John Marino is over, John Marino is back on ice.
11:45 of 3rd period - Wrist shot by Jani Nyman.
11:45 of 3rd period - Stopped by Cam Talbot with a rebound.
13:02 of 3rd period - Mikko Rantanen is hit by Alex Laferriere and loses puck.
14:26 of 3rd period - Ty Emberson is hit by Joel Hanley and loses puck.
14:35 of 3rd period - Wrist shot by Sean Couturier.
14:35 of 3rd period - Stopped by Leevi Merilainen without a rebound.
14:36 of 3rd period - Beck Malenstyn wins face-off versus Clayton Keller in Boston Bruins zone.
15:02 of 3rd period - Ryan McDonagh is hit by Jani Nyman and loses puck.
15:07 of 3rd period - Snap shot by Jani Nyman.
15:07 of 3rd period - Shot Misses the Net.
15:11 of 3rd period - Snap shot by Viktor Arvidsson.
15:11 of 3rd period - Stopped by Cam Talbot without a rebound.
15:12 of 3rd period - Jaden Schwartz wins face-off versus Sean Couturier in Vancouver Canucks zone.
15:13 of 3rd period - Wrist shot by Alex Laferriere.
15:13 of 3rd period - Stopped by Cam Talbot with a rebound.
15:15 of 3rd period - Wrist shot by Ryan Strome.
15:15 of 3rd period - Stopped by Cam Talbot with a rebound.
15:17 of 3rd period - Snap shot by Ryan Strome.
15:17 of 3rd period - Stopped by Cam Talbot with a rebound.
15:19 of 3rd period - Slapshot by Rasmus Sandin.
15:19 of 3rd period - Shot Blocked by Bobby McMann.
15:21 of 3rd period - Slapshot by John Marino.
15:21 of 3rd period - Shot Blocked by Miro Heiskanen.
15:23 of 3rd period - Wrist shot by John Marino.
15:23 of 3rd period - Shot Misses the Net.
15:25 of 3rd period - Wrist shot by Jaden Schwartz.
15:25 of 3rd period - Goal by Jaden Schwartz - Vancouver Canucks : 1 - Boston Bruins : 3.
15:26 of 3rd period - Sean Couturier wins face-off versus Joel Farabee in neutral zone.
16:41 of 3rd period - Slapshot by Sean Couturier.
16:41 of 3rd period - Shot Misses the Net.
16:43 of 3rd period - Wrist shot by Sean Couturier.
16:43 of 3rd period - Shot Blocked by Samuel Girard.
16:45 of 3rd period - Snap shot by Bobby McMann.
16:45 of 3rd period - Stopped by Leevi Merilainen without a rebound.
16:46 of 3rd period - Casey Mittelstadt wins face-off versus Viktor Arvidsson in Boston Bruins zone.
16:59 of 3rd period - Slapshot by Urho Vaakanainen.
16:59 of 3rd period - Shot Misses the Net.
17:01 of 3rd period - Slapshot by Adam Wilsby.
17:01 of 3rd period - Deflect By Viktor Arvidsson.
17:01 of 3rd period - Stopped by Cam Talbot with a rebound.
17:13 of 3rd period - Wrist shot by Mikko Rantanen.
17:13 of 3rd period - Stopped by Leevi Merilainen with a rebound.
17:15 of 3rd period - Snap shot by Mikko Rantanen.
17:15 of 3rd period - Shot Blocked by Urho Vaakanainen.
17:17 of 3rd period - Snap shot by Clayton Keller.
17:17 of 3rd period - Shot Misses the Net.
17:19 of 3rd period - Slapshot by Emil Martinsen Lilleberg.
17:19 of 3rd period - Deflect By Mikko Rantanen.
17:19 of 3rd period - Stopped by Leevi Merilainen with a rebound.
17:21 of 3rd period - Slapshot by Jake Bean.
17:21 of 3rd period - Deflect By Mikko Rantanen.
17:21 of 3rd period - Shot Blocked by Taylor Raddysh.
17:21 of 3rd period - Puck is out of play.
17:22 of 3rd period - Joel Farabee wins face-off versus Clayton Keller in Boston Bruins zone.
18:29 of 3rd period - Sam Colangelo is hit by Clayton Keller and loses puck.
18:50 of 3rd period - Slapshot by Beck Malenstyn.
18:50 of 3rd period - Shot Misses the Net.
18:52 of 3rd period - Slapshot by Samuel Girard.
18:52 of 3rd period - Stopped by Cam Talbot with a rebound.
18:54 of 3rd period - Wrist shot by Joel Farabee.
18:54 of 3rd period - Shot Misses the Net.
19:04 of 3rd period - Slapshot by Emil Martinsen Lilleberg.
19:04 of 3rd period - Deflect By Matias Maccelli.
19:04 of 3rd period - Stopped by Leevi Merilainen without a rebound.
19:05 of 3rd period - Casey Mittelstadt wins face-off versus Jaden Schwartz in Boston Bruins zone.
19:06 of 3rd period - Snap shot by Matias Maccelli.
19:06 of 3rd period - Stopped by Leevi Merilainen with a rebound.
19:16 of 3rd period - Wrist shot by Matias Maccelli.
19:16 of 3rd period - Shot Misses the Net.
19:30 of 3rd period - Alex Laferriere is hit by Noah Hanifin and loses puck.
19:38 of 3rd period - Minor Penalty to Aleksander Barkov for Slashing.
19:39 of 3rd period - Jani Nyman wins face-off versus Anton Lundell in Vancouver Canucks zone.
19:41 of 3rd period - Wrist shot by Jani Nyman.
19:41 of 3rd period - Stopped by Cam Talbot with a rebound.
Goals for this period are 1 for Vancouver Canucks vs 1 for Boston Bruins.
Shots for this period are 15 for Vancouver Canucks vs 14 for Boston Bruins.